 Dungeon Crawl Stone Soup version 0.30-a0-339-g89bb51ec76 (webtiles) character file.

Game seed: 11205848945033455248

2622 Angani the Magician (level 9, -1/62 HPs)
             Began as a Grey Draconian Hedge Wizard on Oct 31, 2022.
             Was a Believer of Vehumet.
             Slain by a kobold brigand
             ... wielding a +0 war axe
              (7 damage)
             ... in a bailey on Nov 1, 2022.
             The game lasted 00:32:03 (8156 turns).

Angani the Magician (Grey Draconian Hedge Wizard)   Turns: 8156, Time: 00:32:03

Health: -1/62      AC: 12    Str: 12    XL:     9   Next: 34%
Magic:  20/20      EV: 12    Int: 19    God:    Vehumet [**....]
Gold:   163        SH:  0    Dex: 11    Spells: 13/23 levels left

rFire   + . .      SeeInvis .    f - staff of conjuration
rCold   . . .      Faith    .    (no shield)
rNeg    . . .      Spirit   .    (body armour unavailable)
rPois   +          Reflect  .    b - +0 hat
rElec   .          Harm     .    (no cloak)
rCorr   .          Rampage  .    (no gloves)
Will    .....                    (no boots)
Stlth   ++........               z - amulet of the acrobat
HPRegen 0.30/turn                k - ring of poison resistance
MPRegen 0.17/turn                p - ring of protection from fire

@: on berserk cooldown, slowed, very slow
A: AC +12, amphibious, unfitting armour, cold-blooded
a: Renounce Religion


You were in a bailey.
You worshipped Vehumet.
Vehumet was pleased with you.
You visited 2 branches of the dungeon, and saw 8 of its levels.
You also visited: Bailey.

You collected 355 gold pieces.
You spent 192 gold pieces at shops.

Inventory:

Armour
 b - a +0 hat (worn)
Magical Staves
 f - a staff of conjuration (weapon)
 n - a staff of cold
Jewellery
 k - a ring of poison resistance (left hand)
 p - a ring of protection from fire (right hand)
 z - an amulet of the acrobat (around neck)
Wands
 u - a wand of polymorph (11)
 D - a wand of light (2)
Scrolls
 e - 2 scrolls of teleportation
 g - a scroll of fog
 l - a scroll of enchant weapon
 q - a scroll of summoning {unknown}
 r - a scroll of enchant armour {unknown}
 s - a scroll of noise
 v - a scroll of vulnerability
 y - a scroll of torment {unknown}
 A - a scroll of silence {unknown}
Potions
 a - a potion of attraction {unknown}
 d - 2 potions of curing
 h - a potion of mutation
 j - a potion of brilliance
 m - 2 potions of invisibility
 o - 2 potions of heal wounds {unknown}
 t - a potion of berserk rage {unknown}
 w - 2 potions of flight {unknown}
 x - a potion of might
 C - a potion of lignification {unknown}
 E - a potion of haste {unknown}


   Skills:
 - Level 1.7 Dodging
 - Level 1.7 Stealth
 + Level 7.5 Spellcasting
 - Level 5.2 Conjurations
 + Level 7.1 Summonings
 - Level 1.2 Translocations
 - Level 4.1 Air Magic


You had 13 spell levels left.
You knew the following spells:

 Your Spells              Type           Power      Damage    Failure   Level
a - Magic Dart            Conj           100%       1d8       1%          1
b - Shock                 Conj/Air       100%       1d9       1%          1
c - Swiftness             Air            22%        N/A       5%          3
d - Call Canine Familiar  Summ           34%        N/A       1%          3
e - Searing Ray           Conj           80%        2d7       1%          2

Your spell library contained the following spells:

 Spells                   Type           Power      Damage    Failure   Level
 Summon Small Mammal      Summ           100%       N/A       1%          1
 Call Imp                 Summ           34%        N/A       1%          2
 Kiss of Death            Conj/Necr      100%       2d13      3%          1
 Summon Guardian Golem    Hex/Summ       20%        N/A       7%          3
 Mephitic Cloud           Conj/Pois/Air  28%        N/A       8%          3
 Blink                    Tloc           22%        N/A       9%          2
 Cigotuvi's Dreadful Rot  Necr/Pois/Air  24%        N/A       9%          2
 Necrotise                Necr           28%        1d5       10%         1
 Slow                     Hex            28%        N/A       10%         1
 Airstrike                Air            11%        2d(2-18)  17%         4
 Dispel Undead            Necr           7%         3d8       67%         4
 Death Channel            Necr           3%         N/A       100%        6


Dungeon Overview and Level Annotations

Branches:
Dungeon (7/15)             Temple (1/1) D:4          Bailey (1/1)

Altars:
Ashenzari
Cheibriados
Dithmenos
Elyvilon
Gozag
Hepliaklqana
Kikubaaqudgha
Nemelex Xobeh
Qazlal
Ru
Sif Muna
Uskayaw
Vehumet
Wu Jian
Xom
Yredelemnul
Zin
The Shining One

Shops:
D:6 *

Annotations:
D:3 1 runed translucent door, Crazy Yiuf
D:5 1 runed translucent door


Innate Abilities, Weirdness & Mutations

Your dull iron-grey scales are very hard. (AC +12)
You are amphibious.
You cannot fit into any form of body armour.
You are cold-blooded and may be slowed by cold attacks.


Message History

You closely miss the kobold brigand.
The kobold brigand is moderately wounded.
The kobold brigand hits you with a +0 war axe.
* * * LOW HITPOINT WARNING * * *
The kobold brigand hits you with a +0 war axe.
* * * LOW HITPOINT WARNING * * *
The kobold brigand hits you with a +0 war axe.
* * * LOW HITPOINT WARNING * * *
The kobold brigand misses you.
You hit the kobold brigand.
The kobold brigand is heavily wounded.
The kobold brigand hits you with a +0 war axe.
* * * LOW HITPOINT WARNING * * *
The kobold brigand barely misses you.
The kobold brigand hits you with a +0 war axe.
* * * LOW HITPOINT WARNING * * *
The kobold brigand closely misses you.
Things that are here:
a boomerang; a kobold skeleton Unknown command.
You feel a strong urge to attack something.
You are no longer berserk.
You are exhausted.
You feel yourself slow down.
Unknown command.
You feel better.
The kobold brigand hits you with a +0 war axe.
* * * LOW HITPOINT WARNING * * *
Unknown command.
You feel better.
The kobold brigand hits you but does no damage.
The kobold brigand hits you with a +0 war axe.
* * * LOW HITPOINT WARNING * * *
The kobold brigand closely misses you.
The kobold brigand hits you with a +0 war axe.
* * * LOW HITPOINT WARNING * * *
The kobold brigand hits you with a +0 war axe.
* * * LOW HITPOINT WARNING * * *
The kobold brigand hits you with a +0 war axe!
You die...

##..∩†.##
##'''## #)(.#
#.(.# #(..#
####.[.####
##~...(.(.~##
##~~...(...~~###
..~~...@K..~~...
##~~..KKK..~~###
..~~...)...~~...
##~~...)...~~###
..~~.......~~...
##~~.......~~###
..~~.......~~...
##~~.......~~###
..~~.......~~...


You could see 4 kobold brigands.

Vanquished Creatures
  Edmund (D:6)
  An ice beast (D:6)
  3 orc warriors (Bailey)
  2 ogres
  A centaur (D:6)
  A phantom (D:5)
  A nameless horror (D:5)
  3 kobold brigands (Bailey)
  A necrophage (D:5)
  9 scorpions (D:5)
  5 killer bees
  2 howler monkeys (D:7)
  2 hounds
  A jelly (D:5)
  2 orc priests (D:7)
  Jessica (D:3)
  5 orc wizards
  An iguana (D:6)
  8 gnolls
  9 adders
  A shadow imp (D:5)
  A white imp (D:6)
  An ufetubus (D:6)
  3 worms
  2 dart slugs
  26 orcs
  A ball python (D:2)
  4 endoplasms
  5 giant cockroaches
  8 goblins
  7 hobgoblins
  2 jackals (D:2)
  18 kobolds
  4 quokkas
  5 bats
  3 frilled lizards
  10 rats
  2 butterflies (D:5)
162 creatures vanquished.

Vanquished Creatures (collateral kills)
  A wight (D:7)
  A hound (D:6)
  An orc (D:5)
3 creatures vanquished.

Vanquished Creatures (others)
  2 fungi (D:3)
2 creatures vanquished.

Grand Total: 167 creatures vanquished

Notes
Turn   | Place    | Note
-------+----------+-------------------------------------------
     0 | D:1      | Angani the Draconian Hedge Wizard began the quest for the
                  | Orb.
     0 | D:1      | Reached XP level 1. HP: 14/14 MP: 4/4
   159 | D:1      | Learned a level 1 spell: Shock
   171 | D:1      | Reached XP level 2. HP: 19/20 MP: 3/6
   634 | D:1      | Reached skill level 1 in Air Magic
   681 | D:1      | Reached XP level 3. HP: 23/26 MP: 0/7
  1188 | D:2      | Learned a level 3 spell: Swiftness
  1565 | D:2      | Reached XP level 4. HP: 30/33 MP: 1/9
  1700 | D:2      | Learned a level 3 spell: Call Canine Familiar
  2576 | D:3      | Noticed Jessica
  2590 | D:3      | Killed Jessica
  2642 | D:3      | Got Jessica's Meditations on Despicable Secrets
  2883 | D:3      | Found a runed translucent door.
  2884 | D:3      | Noticed Crazy Yiuf
  2886 | D:3      | Identified the +11 hammer "Anat" {vorpal, Str+6 Dex+6}
  3018 | D:3      | Reached XP level 5. HP: 38/38 MP: 4/10
  3769 | D:4      | Noticed an ogre
  3808 | D:4      | Killed an ogre
  3984 | D:4      | Reached XP level 6. HP: 45/45 MP: 7/12
  4646 | D:4      | Found a broken altar of Ashenzari.
  4907 | D:4      | Found a staircase to the Ecumenical Temple.
  5005 | Temple   | Entered the Ecumenical Temple
  5261 | Temple   | Became a worshipper of Vehumet
  5285 | D:5      | Entered Level 5 of the Dungeon
  5308 | D:5      | Found a sparkling altar of Nemelex Xobeh.
  5652 | D:5      | Your scales start taking on a dull iron-grey colour.
  5652 | D:5      | Reached XP level 7. HP: 43/50 MP: 4/14
  5749 | D:5      | Found a runed translucent door.
  5751 | D:5      | Found a runed translucent door.
  5868 | D:5      | Noticed a nameless horror
  6092 | D:5      | Killed a nameless horror
  6229 | D:5      | Reached skill level 5 in Spellcasting
  6648 | D:5      | Reached * piety under Vehumet
  6648 | D:5      | Offered knowledge of Foxfire by Vehumet.
  6649 | D:5      | Reached skill level 5 in Conjurations
  6649 | D:5      | Reached XP level 8. HP: 35/57 MP: 10/16
  6990 | D:6      | Noticed Edmund
  7015 | D:6      | Killed Edmund
  7016 | D:6      | Reached skill level 5 in Summonings
  7284 | D:6      | Found Docurer's Assorted Antiques.
  7508 | D:6      | Bought a cyan potion for 19 gold pieces
  7508 | D:6      | Bought a potion of curing for 66 gold pieces
  7508 | D:6      | Bought a scroll labelled SALOIM ATIOSCH for 22 gold pieces
  7508 | D:6      | Bought a white potion for 19 gold pieces
  7508 | D:6      | Bought a potion of curing for 66 gold pieces
  7730 | D:7      | Offered knowledge of Searing Ray by Vehumet.
  7735 | D:7      | Reached ** piety under Vehumet
  7736 | D:7      | Reached XP level 9. HP: 53/61 MP: 2/19
  7749 | D:7      | Found a flagged portal.
  7757 | Bailey   | Entered a bailey
  7860 | Bailey   | Learned a level 2 spell: Searing Ray
  8152 | Bailey   | HP: 4/93 [kobold brigand/+0 war axe (1)]
  8156 | Bailey   | Slain by a kobold brigand

Illustrated notes

Levels and vault maps discovered:
D:1:      saegor_arrival_simple_c, layout_loops_ring, roderic_roman_lattice,
          corexii_corridor_pit
D:2:      layout_basic, minmay_split_cup_large
D:3:      layout_loops_ring, kennysheep_jessica_study, uniq_crazy_yiuf_cottage
D:4:      layout_loops_corners, mainiacjoe_overflow_catwalk,
          minmay_temple_entry_poolview
D:5:      lemuel_insect_pit, layout_rooms, nemelex_spade_bored_becter
D:6:      layout_cave_pools, serial_shops, nicolae_inconvenience_store,
          uniq_edmund
D:7:      wander_guarded_unrand_ratskin, layout_basic,
          gammafunk_ghost_stat_death, enter_bailey_2, kennysheep_small_square
Temple:   compressed_dpeg_triangle_lava_temple
Bailey:   bailey_axe_3, bailey

Skill      XL: |  1  2  3  4  5  6  7  8  9 |
---------------+----------------------------+-----
Air Magic      | 1 2 2 4 |  4.1
Conjurations   | 2 3 5 |  5.2
Spellcasting   | 4 5 6 7 |  7.5
Summonings     | 2 3 4 6 7 |  7.1
Dodging        | |  1.7
Stealth        | |  1.7
Translocations | |  1.2

Action                   |  1- 3 |  4- 6 |  7- 9 || total
-------------------------+-------+-------+-------++-------
Melee: Dagger            |    43 |       |       ||    43
       Tailslap          |     3 |    12 |     3 ||    18
       Staff             |       |    64 |    32 ||    96
       Punch             |       |     2 |     1 ||     3
 Cast: Shock             |    53 |    70 |   133 ||   256
       Magic Dart        |     5 |    53 |    21 ||    79
       Call Canine Famil |       |     3 |    10 ||    13
       Swiftness         |       |     1 |       ||     1
       Searing Ray       |       |       |     7 ||     7
Evoke: Wand              |       |       |     5 ||     5
  Use: Scroll            |     1 |     7 |     8 ||    16
       Potion            |     1 |     1 |     3 ||     5
 Stab: Sleeping          |     1 |     2 |       ||     3
       Invisible         |       |       |     4 ||     4
Armor: Skin              |    30 |    34 |    52 ||   116
Dodge: Dodged            |    55 |    58 |   123 ||   236

Table legend: (Time is in decaauts)
 A = Elapsed time spent in this place.
 B = Non-inter-level travel time spent in this place.
 C = Inter-level travel time spent in this place.
 D = Time resting spent in this place.
 E = Time spent auto-exploring this place.
 F = Levels seen in this place.
 G = Mean time per level.
                   A        B        C        D        E       F      G
               +--------+--------+--------+--------+--------+-----+--------+
         Total |   8169 |   7866 |    303 |   1932 |   4599 |   9 |  907.7 |
       Dungeon |   7505 |   7219 |    286 |   1674 |   4363 |   7 | 1072.1 |
        Temple |    262 |    245 |     17 |      0 |    236 |   1 |  262.0 |
        Bailey |    400 |    400 |      0 |    258 |      0 |   1 |  400.0 |
               +--------+--------+--------+--------+--------+-----+--------+

Top non-repeatable levels by time:
     D:4: 1521 daAuts
     D:2: 1348 daAuts
     D:5: 1340 daAuts
     D:3: 1158 daAuts
     D:1: 1123 daAuts
     D:6: 934 daAuts
  Bailey: 400 daAuts
  Temple: 262 daAuts
     D:7: 79 daAuts
